[ AOE2 MATCH · #505691012 ]
UnrankedMagyars vs Bulgarians
Player's team · LOSS
[ REPLAY ANALYSIS · EXTRACTED FROM THE RECORDED GAME ]
Feudal
8:53
Castle
23:15
Imperial
—
| APM avg | 54.6 |
| APM peak | 97 |
| eAPM avg | 19.5 |
| Villagers / military | 77 / 32 |
Focus
⚔️ 39.4% · 🌾 60.6%
Archer ×17 · Scout Cavalry ×6 · Spearman ×4 · Skirmisher ×3 · Cavalry Archer ×2
Feudal
9:16
Castle
19:58
Imperial
—
| APM avg | 65.8 |
| APM peak | 107 |
| eAPM avg | 30.4 |
| Villagers / military | 80 / 67 |
Focus
⚔️ 48.8% · 🌾 51.2%
Cavalry Archer ×42 · Skirmisher ×18 · Militia ×4 · Spearman ×3
Match map
Initial resources + every placement click. Lines = walls · curves = elevation contours. ◆ gold · ⬟ stone · ● berries · ✦ relic · ◌ wall gap
Your base· Open — opponent sealed themselves in
老天鵝's base· ✓ Closed at 19:58 · 32t walls · no gate
Smoothed initial terrain · ◌ = detected wall gap · hover for details
Inputs per minute
— Fs.Jubileu - - 老天鵝
Build order — Fs.Jubileu
First 150 of 188 actions detected
| 0:00 | Create | Villager (Male) |
| 0:00 | Create | Villager (Male) |
| 0:00 | Create | Villager (Male) |
| 0:00 | Create | Villager (Male) |
| 0:00 | Create | Villager (Male) |
| 0:00 | Create | Villager (Male) |
| 0:00 | Create | Villager (Male) |
| 0:00 | Create | Villager (Male) |
| 0:00 | Create | Villager (Male) |
| 0:00 | Create | Villager (Male) |
| 0:00 | Create | Villager (Male) |
| 0:01 | Create | Villager (Male) |
| 0:01 | Create | Villager (Male) |
| 0:01 | Create | Villager (Male) |
| 0:01 | Create | Villager (Male) |
| 0:01 | Create | Villager (Male) |
| 0:01 | Create | Villager (Male) |
| 0:02 | Build | House |
| 0:03 | Build | House |
| 1:37 | Create | Villager (Male) |
| 1:37 | Create | Villager (Male) |
| 2:04 | Create | Villager (Male) |
| 2:04 | Create | Villager (Male) |
| 2:05 | Create | Villager (Male) |
| 2:05 | Create | Villager (Male) |
| 2:05 | Create | Villager (Male) |
| 2:18 | Build | Lumber Camp |
| 2:27 | Create | Villager (Male) |
| 2:27 | Create | Villager (Male) |
| 2:27 | Create | Villager (Male) |
| 2:27 | Create | Villager (Male) |
| 2:55 | Create | Villager (Male) |
| 2:55 | Create | Villager (Male) |
| 3:14 | Create | Villager (Male) |
| 3:54 | Build | House |
| 3:55 | Build | House |
| 4:06 | Create | Villager (Male) |
| 4:38 | Create | Villager (Male) |
| 4:43 | Build | Mill |
| 4:46 | Create | Villager (Male) |
| 5:22 | Create | Villager (Male) |
| 5:49 | Create | Villager (Male) |
| 5:49 | Research | Loom |
| 6:36 | Research | Feudal Age |
| 7:08 | Build | Barracks |
| 7:36 | Build | House |
| 8:27 | Create | Villager (Male) |
| 8:53 | Age | Feudal Age |
| 8:54 | Create | Villager (Male) |
| 8:57 | Build | Stable |
| 8:57 | Create | Spearman |
| 9:09 | Research | Double-Bit Axe |
| 9:22 | Create | Villager (Male) |
| 9:33 | Build | Palisade Wall |
| 9:34 | Build | Palisade Wall |
| 9:38 | Create | Spearman |
| 9:45 | Create | Villager (Male) |
| 9:48 | Build | Palisade Wall |
| 9:50 | Build | Farm |
| 9:59 | Create | Villager (Male) |
| 10:09 | Create | Villager (Male) |
| 10:11 | Build | Farm |
| 10:14 | Create | Villager (Male) |
| 10:33 | Create | Villager (Male) |
| 10:44 | Create | Spearman |
| 10:57 | Build | Archery Range |
| 11:01 | Create | Villager (Male) |
| 11:09 | Create | Spearman |
| 11:28 | Create | Villager (Male) |
| 11:30 | Build | House |
| 11:56 | Create | Skirmisher |
| 11:57 | Create | Archer |
| 11:58 | Create | Villager (Male) |
| 12:01 | Build | Farm |
| 12:02 | Build | Farm |
| 12:16 | Build | Farm |
| 12:40 | Create | Skirmisher |
| 12:44 | Build | Farm |
| 13:05 | Create | Villager (Male) |
| 13:15 | Create | Skirmisher |
| 13:18 | Build | Farm |
| 13:20 | Build | Farm |
| 13:35 | Create | Villager (Male) |
| 13:40 | Build | House |
| 13:47 | Build | Blacksmith |
| 13:56 | Create | Villager (Male) |
| 14:01 | Build | Mining Camp |
| 14:06 | Build | Palisade Wall |
| 14:11 | Create | Archer |
| 14:16 | Build | Palisade Wall |
| 14:21 | Build | Palisade Gate |
| 14:23 | Build | Palisade Gate |
| 14:49 | Create | Villager (Male) |
| 14:52 | Build | Farm |
| 15:05 | Build | Farm |
| 15:05 | Create | Scout Cavalry |
| 15:11 | Build | Palisade Wall |
| 15:18 | Build | Palisade Wall |
| 15:21 | Build | Farm |
| 15:31 | Create | Villager (Male) |
| 15:34 | Build | Farm |
| 15:40 | Build | House |
| 15:43 | Build | Palisade Wall |
| 15:46 | Build | Palisade Wall |
| 15:50 | Create | Scout Cavalry |
| 15:54 | Create | Archer |
| 15:57 | Build | House |
| 16:00 | Build | Farm |
| 16:13 | Build | House |
| 16:15 | Create | Villager (Male) |
| 16:19 | Build | House |
| 16:42 | Build | Palisade Wall |
| 16:47 | Create | Archer |
| 16:50 | Build | Farm |
| 16:54 | Build | Palisade Gate |
| 16:55 | Build | Palisade Wall |
| 16:58 | Build | House |
| 17:05 | Create | Villager (Male) |
| 17:10 | Build | Farm |
| 17:15 | Build | Farm |
| 17:18 | Create | Archer |
| 17:35 | Create | Villager (Male) |
| 17:41 | Create | Villager (Male) |
| 17:55 | Build | House |
| 18:02 | Create | Archer |
| 18:17 | Research | Fletching |
| 18:17 | Create | Villager (Male) |
| 18:18 | Create | Scout Cavalry |
| 18:20 | Build | Farm |
| 18:55 | Create | Villager (Male) |
| 18:56 | Create | Villager (Male) |
| 18:57 | Create | Archer |
| 18:57 | Create | Archer |
| 19:18 | Create | Villager (Male) |
| 19:35 | Create | Villager (Male) |
| 19:36 | Create | Archer |
| 19:38 | Build | Farm |
| 19:39 | Build | Farm |
| 19:39 | Create | Villager (Male) |
| 20:01 | Build | House |
| 20:33 | Research | Castle Age |
| 20:52 | Build | Lumber Camp |
| 21:01 | Create | Scout Cavalry |
| 21:03 | Research | Gold Mining |
| 21:04 | Research | Gold Mining |
| 21:05 | Build | House |
| 21:16 | Research | Horse Collar |
| 21:16 | Research | Horse Collar |
| 21:24 | Build | Lumber Camp |
| 21:30 | Create | Scout Cavalry |
Build order — 老天鵝
First 150 of 230 actions detected
| 0:01 | Create | Villager (Male) |
| 0:02 | Build | House |
| 0:09 | Create | Villager (Male) |
| 0:09 | Create | Villager (Male) |
| 0:09 | Create | Villager (Male) |
| 1:25 | Build | House |
| 1:26 | Build | House |
| 1:37 | Create | Villager (Male) |
| 1:37 | Create | Villager (Male) |
| 1:53 | Create | Villager (Male) |
| 1:53 | Create | Villager (Male) |
| 2:23 | Create | Villager (Male) |
| 2:31 | Build | Palisade Wall |
| 2:40 | Create | Villager (Male) |
| 2:40 | Create | Villager (Male) |
| 2:47 | Build | Lumber Camp |
| 2:51 | Create | Villager (Male) |
| 2:51 | Create | Villager (Male) |
| 3:06 | Create | Villager (Male) |
| 3:06 | Create | Villager (Male) |
| 3:44 | Create | Villager (Male) |
| 3:44 | Create | Villager (Male) |
| 4:02 | Create | Villager (Male) |
| 4:03 | Create | Villager (Male) |
| 4:23 | Create | Villager (Male) |
| 4:40 | Create | Villager (Male) |
| 5:42 | Build | Barracks |
| 5:50 | Create | Villager (Male) |
| 5:50 | Create | Villager (Male) |
| 5:55 | Research | Loom |
| 6:15 | Build | House |
| 6:56 | Research | Feudal Age |
| 6:56 | Research | Feudal Age |
| 7:07 | Create | Militia |
| 7:07 | Create | Militia |
| 7:14 | Build | House |
| 7:26 | Create | Militia |
| 7:48 | Create | Militia |
| 7:52 | Build | House |
| 7:53 | Build | Palisade Wall |
| 7:54 | Build | Palisade Wall |
| 7:55 | Build | Palisade Wall |
| 8:15 | Build | Mill |
| 8:41 | Create | Villager (Male) |
| 9:11 | Create | Villager (Male) |
| 9:15 | Build | Farm |
| 9:16 | Age | Feudal Age |
| 9:19 | Create | Spearman |
| 9:25 | Create | Villager (Male) |
| 9:27 | Create | Spearman |
| 9:44 | Create | Spearman |
| 9:55 | Create | Villager (Male) |
| 10:00 | Build | Palisade Wall |
| 10:05 | Create | Villager (Male) |
| 10:05 | Create | Villager (Male) |
| 10:21 | Create | Villager (Male) |
| 10:21 | Create | Villager (Male) |
| 10:23 | Build | Farm |
| 10:24 | Build | Farm |
| 10:28 | Build | Farm |
| 10:35 | Create | Villager (Male) |
| 10:35 | Create | Villager (Male) |
| 10:39 | Research | Double-Bit Axe |
| 10:47 | Create | Villager (Male) |
| 10:58 | Build | Farm |
| 11:27 | Create | Villager (Male) |
| 11:34 | Create | Villager (Male) |
| 11:34 | Create | Villager (Male) |
| 11:35 | Build | Farm |
| 11:36 | Build | Farm |
| 11:47 | Create | Villager (Male) |
| 11:59 | Create | Villager (Male) |
| 12:12 | Create | Villager (Male) |
| 12:14 | Build | Farm |
| 12:16 | Build | House |
| 12:25 | Create | Villager (Male) |
| 12:29 | Build | Farm |
| 12:42 | Research | Horse Collar |
| 12:48 | Build | Farm |
| 12:58 | Build | House |
| 12:58 | Build | Palisade Wall |
| 13:06 | Create | Villager (Male) |
| 13:35 | Create | Villager (Male) |
| 13:45 | Build | Archery Range |
| 13:52 | Build | House |
| 13:57 | Create | Villager (Male) |
| 14:17 | Build | Palisade Wall |
| 14:22 | Build | Farm |
| 14:24 | Create | Villager (Male) |
| 14:28 | Build | Farm |
| 14:46 | Build | Mining Camp |
| 14:53 | Create | Villager (Male) |
| 15:09 | Build | Farm |
| 15:15 | Build | Farm |
| 15:27 | Create | Villager (Male) |
| 15:27 | Create | Villager (Male) |
| 15:36 | Build | Palisade Wall |
| 15:39 | Build | Blacksmith |
| 16:06 | Build | Lumber Camp |
| 16:09 | Create | Villager (Male) |
| 16:28 | Create | Skirmisher |
| 16:28 | Create | Skirmisher |
| 16:34 | Create | Villager (Male) |
| 16:41 | Build | Farm |
| 17:03 | Create | Skirmisher |
| 17:07 | Build | Farm |
| 17:10 | Build | Farm |
| 17:15 | Create | Villager (Male) |
| 17:18 | Research | Castle Age |
| 17:18 | Research | Castle Age |
| 17:26 | Build | House |
| 17:29 | Build | House |
| 17:30 | Build | House |
| 17:46 | Research | Fletching |
| 17:46 | Research | Fletching |
| 17:46 | Research | Fletching |
| 17:52 | Create | Skirmisher |
| 17:52 | Create | Skirmisher |
| 17:52 | Create | Skirmisher |
| 17:52 | Create | Skirmisher |
| 18:02 | Create | Skirmisher |
| 18:03 | Create | Villager (Male) |
| 18:03 | Create | Villager (Male) |
| 18:18 | Create | Skirmisher |
| 18:30 | Build | Archery Range |
| 18:37 | Create | Skirmisher |
| 18:38 | Create | Skirmisher |
| 18:48 | Research | Padded Archer Armor |
| 18:49 | Research | Padded Archer Armor |
| 19:11 | Create | Skirmisher |
| 19:25 | Create | Skirmisher |
| 19:26 | Create | Villager (Male) |
| 19:31 | Create | Skirmisher |
| 19:32 | Create | Skirmisher |
| 19:33 | Create | Skirmisher |
| 19:58 | Create | Skirmisher |
| 19:58 | Age | Castle Age |
| 19:58 | Create | Skirmisher |
| 20:01 | Research | Bodkin Arrow |
| 20:03 | Create | Cavalry Archer |
| 20:03 | Create | Cavalry Archer |
| 20:03 | Create | Cavalry Archer |
| 20:04 | Create | Cavalry Archer |
| 20:17 | Create | Cavalry Archer |
| 20:18 | Build | Archery Range |
| 20:35 | Create | Cavalry Archer |
| 20:35 | Create | Villager (Male) |
| 20:36 | Create | Villager (Male) |
| 20:42 | Build | House |
| 20:44 | Build | House |
Match timeline
| 2:31 | 老天鵝 · wall_segment Palisade Wall x3 |
| 5:42 | 老天鵝 · first_building Barracks |
| 7:08 | Fs.Jubileu · first_building Barracks |
| 7:53 | 老天鵝 · wall_segment Palisade Wall x1 |
| 7:54 | 老天鵝 · wall_segment Palisade Wall x1 |
| 7:55 | 老天鵝 · wall_segment Palisade Wall x10 |
| 8:53 | Fs.Jubileu · age_up feudal |
| 8:57 | Fs.Jubileu · first_building Stable |
| 9:16 | 老天鵝 · age_up feudal |
| 9:33 | Fs.Jubileu · wall_segment Palisade Wall x1 |
| 9:34 | Fs.Jubileu · wall_segment Palisade Wall x1 |
| 9:48 | Fs.Jubileu · wall_segment Palisade Wall x1 |
| 10:00 | 老天鵝 · wall_segment Palisade Wall x16 |
| 10:57 | Fs.Jubileu · first_building Archery Range |
| 12:58 | 老天鵝 · wall_segment Palisade Wall x3 |
| 13:45 | 老天鵝 · first_building Archery Range |
| 14:06 | Fs.Jubileu · wall_segment Palisade Wall x11 |
| 14:16 | Fs.Jubileu · wall_segment Palisade Wall x5 |
| 14:17 | 老天鵝 · wall_segment Palisade Wall x1 |
| 15:11 | Fs.Jubileu · wall_segment Palisade Wall x11 |
| 15:18 | Fs.Jubileu · wall_segment Palisade Wall x9 |
| 15:36 | 老天鵝 · wall_segment Palisade Wall x1 |
| 15:43 | Fs.Jubileu · wall_segment Palisade Wall x6 |
| 15:46 | Fs.Jubileu · wall_segment Palisade Wall x8 |
| 16:42 | Fs.Jubileu · wall_segment Palisade Wall x6 |
| 16:55 | Fs.Jubileu · wall_segment Palisade Wall x1 |
| 19:58 | 老天鵝 · age_up castle |
| 21:32 | 老天鵝 · first_building Stable |
| 23:15 | Fs.Jubileu · age_up castle |
| 25:17 | Fs.Jubileu · wall_segment Palisade Wall x1 |
| 26:04 | Fs.Jubileu · resign |
[ AI ANALYSIS · 1 CREDIT ]
What really happened in this match?
Wolo.gg analyzes every decision: build order, eco, micro, common mistakes by bracket. Personalized analysis on WhatsApp or Discord in 30 seconds.
Civ guide
Magyars
Perfil
Fs.Jubileu